 Dungeon Crawl Stone Soup version 0.21.1-1-g345015f (webtiles) character file.

867 Fang the Chopper (level 8, -22/53 HPs)
             Began as a Gargoyle Berserker on June 1, 2018.
             Was a Priest of Trog.
             Annihilated by an ogre
             ... wielding a +0 giant club
              (26 damage)
             ... on level 4 of the Dungeon.
             The game lasted 00:05:29 (4381 turns).

Fang the Chopper (Gargoyle Berserker)               Turns: 4381, Time: 00:05:29

Health: -22/53     AC: 18    Str: 24    XL:     8   Next: 3%
Magic:  8/8        EV: 11    Int: 10    God:    Trog [***...]
Gold:   189        SH:  0    Dex:  9    Spells: 7/7 levels left

rFire    . . .     SeeInvis .   a - +0 hand axe
rCold    . . .     Gourm    .   (no shield)
rNeg     + + .     Faith    .   p - +3 scale mail {rN+}
rPois    ∞         Spirit   .   (no helmet)
rElec    +         Reflect  .   (no cloak)
rCorr    .         Harm     .   f - +2 pair of gloves
MR       .....                  (no boots)
Stlth    ..........             (no amulet)
HPRegen  0.17/turn              d - ring of poison resistance
MPRegen  0.11/turn              t - +3 ring of intelligence

@: berserk cooldown, hasted and slowed
A: hooves 1, negative energy resistance 1, robust 1, electricity resistance,
unbreathing, petrification resistance, rot immunity, AC +5
a: Berserk, Trog's Hand, Burn Spellbooks, Renounce Religion


You were on level 4 of the Dungeon.
You worshipped Trog.
Trog was most pleased with you.
You were very hungry.

You visited 1 branch of the dungeon, and saw 4 of its levels.

You collected 189 gold pieces.

Inventory:

Hand Weapons
 a - a +0 hand axe (weapon)
Armour
 b - a +0 animal skin
 f - a +2 pair of gloves (worn)
 p - a +3 scale mail of positive energy (worn)
Jewellery
 d - a ring of poison resistance (left hand)
 r - an uncursed ring of wizardry
 t - a +3 ring of intelligence (right hand)
Wands
 k - a wand of polymorph (13)
Scrolls
 e - a scroll of noise {unknown}
 g - 4 scrolls of identify {unknown}
 i - a scroll of enchant weapon {unknown}
 j - a scroll of fog {unknown}
 m - a scroll of fear {unknown}
 n - a scroll of random uselessness {unknown}
 o - a scroll of magic mapping {unknown}
 s - a scroll of immolation {unknown}
 u - 2 scrolls of remove curse {unknown}
Potions
 q - a potion of resistance {unknown}
 v - 3 potions of agility {unknown}
 w - a potion of lignification {unknown}
Comestibles
 c - 2 rations


   Skills:
 + Level 5.0 Fighting
 + Level 6.5 Axes
 + Level 3.6 Armour
 + Level 3.1 Dodging
 + Level 1.5 Stealth
 + Level 0.9 Unarmed Combat


You had 7 spell levels left.
You didn't know any spells.

Dungeon Overview and Level Annotations

Branches:
Dungeon (4/15)
 Temple: D:4-7

Altars:
Dithmenos
Hepliaklqana
Makhleb
Nemelex Xobeh
Okawaru
Xom


Innate Abilities, Weirdness & Mutations

You are resistant to torment.
Your stone body is resilient. (AC +5)
You are immune to poison.
You resist negative energy. (rN+)
You are resistant to electric shocks. (rElec)
You can survive without breathing.
You are immune to petrification.
You are immune to rotting.
You have large cloven feet.
You are robust. (+10% HP)


Message History

You hit the ogre but do no damage.
The ogre is severely wounded.
The ogre hits you with a giant club!!
Ouch! That really hurt!
* * * LOW HITPOINT WARNING * * *
You are too injured to fight recklessly!
You are too injured to fight recklessly!
You are too injured to fight recklessly!
You are too injured to fight recklessly!
You are too injured to fight recklessly!
You are too injured to fight recklessly!
You are too injured to fight recklessly!
You are too injured to fight recklessly!
You are too injured to fight recklessly!
It was a potion of mutation.
You feel extremely strange.
You feel robust.
Your feet thicken and deform.
The ogre hits you but does no damage.
It was a potion of haste.
You feel yourself speed up. The ogre hits you with a giant club!!
You die...

....# #......# #
#..###.###..#
#.##...##.###..#
#..............#
####...#######.#
#..## #.#
.#####..# #.#
......>.# #.#
#######'## #@#
##...##.# #O#
##.......## #.#
##...†..._∩# #.<
###.........##
#..
.........#..#
....
..........###
#...
##.#.......#
#....
#.##.....##


You could see an ogre.

Vanquished Creatures
  The ghost of GreatJob the Chopper, an amateur HOFi (D:3)
  Sigmund (D:4)
  A phantom (D:4)
  A howler monkey (D:4)
  2 hounds (D:4)
  2 jellies
  An iguana (D:4)
  2 orc wizards
  A worker ant (D:4)
  Terence (D:2)
  Robin (D:2)
  5 gnolls
  4 adders
  An ooze (D:4)
  2 dart slugs
  5 leopard geckos
  15 orcs
  2 giant cockroaches
  11 hobgoblins
  3 jackals (D:1)
  13 bats
  3 frilled lizards
  18 goblins
  8 kobolds
  11 rats
115 creatures vanquished.

Notes
Turn   | Place    | Note
-------+----------+-------------------------------------------
     0 | D:1      | Fang the Gargoyle Berserker began the quest for the Orb.
     0 | D:1      | Reached XP level 1. HP: 14/14 MP: 1/1
   326 | D:1      | Reached XP level 2. HP: 19/19 MP: 2/2
   405 | D:1      | Reached skill level 3 in Axes
   521 | D:1      | Reached XP level 3. HP: 24/24 MP: 3/3
   959 | D:1      | Reached ** piety under Trog
  1355 | D:2      | Noticed Robin
  1365 | D:2      | Reached XP level 4. HP: 22/29 MP: 4/4
  1377 | D:2      | Killed Robin
  1864 | D:2      | Reached skill level 4 in Axes
  1867 | D:2      | Noticed Terence
  1872 | D:2      | Killed Terence
  1872 | D:2      | Reached XP level 5. HP: 33/33 MP: 5/5
  2423 | D:3      | Noticed GreatJob's ghost (amateur HOFi)
  2441 | D:3      | Killed GreatJob's ghost
  2441 | D:3      | Reached skill level 1 in Stealth
  2441 | D:3      | Reached XP level 6. HP: 16/39 MP: 6/6
  2735 | D:3      | Reached *** piety under Trog
  2745 | D:3      | Reached skill level 5 in Axes
  2823 | D:3      | Found a burning altar of Makhleb.
  3134 | D:3      | Found an iron altar of Okawaru.
  3271 | D:4      | Noticed Sigmund
  3473 | D:4      | Killed Sigmund
  3473 | D:4      | Reached XP level 7. HP: 44/44 MP: 7/7
  3799 | D:4      | Found a hazy altar of Hepliaklqana.
  3861 | D:4      | Found a sparkling altar of Nemelex Xobeh.
  4077 | D:4      | Reached skill level 6 in Axes
  4086 | D:4      | Found a shadowy altar of Dithmenos.
  4097 | D:4      | Found a shimmering altar of Xom.
  4306 | D:4      | Found a burning altar of Makhleb.
  4361 | D:4      | Reached skill level 5 in Fighting
  4361 | D:4      | Reached XP level 8. HP: 49/49 MP: 8/8
  4380 | D:4      | Gained mutation: You are robust. (+10% HP) [potion of mutation]
  4380 | D:4      | Gained mutation: You have large cloven feet. [potion of mutation]
  4381 | D:4      | Annihilated by an ogre

Skill      XL: |  1  2  3  4  5  6  7 |
---------------+----------------------+-----
Axes           | 3 4 5 6 |  6.5
Fighting       | 4 5 |  5.0
Dodging        | 2 3 |  3.1
Stealth        | 1 |  1.5
Armour         | 3 |  3.6
Unarmed Combat | |  0.9

Action                   |  1- 3 |  4- 6 |  7- 9 || total
-------------------------+-------+-------+-------++-------
Melee: Hand axe          |    88 |   168 |   135 ||   391
       Unarmed           |       |    13 |       ||    13
       Punch             |       |     1 |       ||     1
Invok: Berserk           |     2 |     4 |     2 ||     8
  Use: Potion            |       |       |     2 ||     2
 Stab: Sleeping          |       |     1 |       ||     1
  Eat: Chunk             |     1 |     3 |       ||     4
       Ration            |     1 |     2 |     1 ||     4
Armor: Animal skin       |    56 |    19 |       ||    75
       Scale mail        |       |    75 |    62 ||   137
Dodge: Dodged            |    71 |   104 |    65 ||   240
